 Dungeon Crawl Stone Soup version 0.30-a0-696-g2367cd04db (webtiles) character file.

Game seed: 16930132851135843041

866 ASSMAN the Fighter (level 8, -11/68 HPs)
             Began as a Barachi Fighter on Jan 20, 2023.
             Mangled by a troll (13 damage)
             ... on level 5 of the Dungeon.
             The game lasted 00:07:35 (5465 turns).

ASSMAN the Fighter (Barachi Fighter)                Turns: 5465, Time: 00:07:36

Health: -11/68     AC: 10    Str: 20    XL:     8   Next: 3%
Magic:  8/8        EV:  9    Int:  9    God:
Gold:   285        SH:  0    Dex: 11    Spells: 7/7 levels left

rFire   . . .      SeeInvis .    a - +0 long sword
rCold   . . .      Faith    .    i - orb {mayhem}
rNeg    . . .      Spirit   .    b - +0 scale mail
rPois   .          Reflect  .    (no helmet)
rElec   .          Harm     .    x - +2 cloak
rCorr   .          Rampage  .    (no gloves)
Will    .....                    (no boots) Stlth
                                 (no amulet)
HPRegen 0.31/turn                (no ring)
MPRegen 0.11/turn                (no ring)

@: mighty, slow
A: amphibious, slowness 1, strong legs 1, +LOS
a: Hop


You were on level 5 of the Dungeon.
You visited 1 branch of the dungeon, and saw 5 of its levels.

You collected 285 gold pieces.

Inventory:

Hand Weapons
 a - a +0 long sword (weapon)
 n - a +2 short sword of venom
 r - a +0 hand axe of electrocution
Armour
 b - a +0 scale mail (worn)
 c - a +0 buckler
 i - an orb of mayhem (worn)
 x - a +2 cloak (worn)
Jewellery
 j - an amulet of faith
Wands
 u - a wand of flame (20)
Scrolls
 f - 3 scrolls of immolation {unknown}
 g - 3 scrolls of teleportation {unknown}
 k - 3 scrolls of identify {unknown}
 p - a scroll of fog {unknown}
 s - 2 scrolls of magic mapping {unknown}
 t - a scroll of poison {unknown}
 v - a scroll of amnesia {unknown}
 y - a scroll of vulnerability {unknown}
 B - a scroll of summoning {unknown}
 C - a scroll of torment {unknown}
Potions
 d - a potion of might
 e - a potion of berserk rage {unknown}
 h - 5 potions of curing
 l - a potion of lignification {unknown}
 m - a potion of flight {unknown}
 o - a potion of magic {unknown}
 q - a potion of brilliance {unknown}
 w - a potion of attraction {unknown}
 z - a potion of heal wounds {unknown}
 A - a potion of ambrosia {unknown}


   Skills:
 + Level 8.3 Fighting
 + Level 7.8 Long Blades
 - Level 3.6 Armour
 - Level 3.2 Shields


You had 7 spell levels left.
You didn't know any spells.
Your spell library contained the following spells:

 Spells                   Type           Power      Damage    Failure   Level
 Sandblast                Erth           0%         2d4       75%         1
 Passwall                 Tmut/Erth      0%         N/A       86%         2
 Frozen Ramparts          Ice            0%         1d1       98%         3
 Ignite Poison            Fire/Tmut/Pois 0%         N/A       98%         3
 Stone Arrow              Conj/Erth      0%         3d7       98%         3
 Ice Form                 Ice/Tmut       0%         N/A       100%        4
 Sticky Flame             Conj/Fire      0%         2d3       100%        4
 Summon Ice Beast         Ice/Summ       0%         N/A       100%        4
 Ignition                 Fire           0%         3d3       100%        8


Dungeon Overview and Level Annotations

Branches:
Dungeon (5/15)
 Temple: D:4-7

Altars:
Ru

Portals:
Abyss: D:5

Annotations:
D:5 2 transporters, drugrobin's ghost, weakling DgDe


Innate Abilities, Weirdness & Mutations

You are amphibious.
You cover ground slowly.
You can hop short distances.
You have an extended range of vision and can be seen from far away.


Message History

The troll shouts!
The troll barely misses you. The troll claws you but does no damage.
The troll claws you!
You closely miss the troll. The troll closely misses you.
The troll claws you. x2
You feel very mighty all of a sudden. The troll completely misses you.
The troll claws you but does no damage. x2
You slash the troll!
The troll is moderately wounded.
The troll bites you. The troll claws you but does no damage.
The troll barely misses you.
You barely miss the troll.
The troll is moderately wounded.
The troll barely misses you. x2; The troll claws you.
You hit the troll.
The troll is moderately wounded.
The troll bites you. The troll claws you but does no damage.
The troll misses you.
You slash the troll!
The troll is heavily wounded.
The troll closely misses you. The troll completely misses you.
The troll claws you.
You slash the troll!
The troll is severely wounded.
The troll bites you! The troll closely misses you.
The troll claws you but does no damage.
You barely miss the troll.
The troll is severely wounded.
The troll bites you!
* * * LOW HITPOINT WARNING * * *
The troll claws you but does no damage. The troll claws you.
* * * LOW HITPOINT WARNING * * *
You slash the troll!
The troll is almost dead.
The troll bites you!
* * * LOW HITPOINT WARNING * * *
The troll barely misses you. The troll misses you.
You hit the troll.
The troll is almost dead.
The troll bites you!
You die...

+.....#...#..#....
#.....#......'....
#####.....#.....)##...
#.........#......##...
+.........#####.......
#.........# #..##...
####.........#
##..#....
........T....#
#........ #@....#
##....... #.....#
#....... #.....#
#..##...
#.....#..######...
#######
#.....#..........#
......
#.....#......#...#
.[...
#.....#####..#...#
....
#.........##+#....
#... #......... #....


You could see a troll.

Vanquished Creatures
  An ice beast (D:5)
  A black bear (D:5)
  An ogre (D:4)
  A hound (D:4)
  An orc priest (D:3)
  A gnoll bouda (D:5)
  Jessica (D:2)
  Natasha (thrice) (D:3)
  2 iguanas (D:4)
  2 orc wizards
  2 gnolls (D:5)
  17 adders
  A white imp (D:5)
  An ufetubus (D:3)
  3 worms (D:5)
  A dart slug (D:1)
  13 orcs
  4 endoplasms
  4 giant cockroaches
  3 goblins
  7 hobgoblins
  5 quokkas
  12 ball pythons
  2 bats
  3 frilled lizards
  8 kobolds
  9 rats
109 creatures vanquished.

Vanquished Creatures (collateral kills)
  An orc wizard (D:4)
  A gnoll (D:5)
  A worm (D:5)
  2 orcs
5 creatures vanquished.

Vanquished Creatures (others)
  An orc (D:4)
  An endoplasm (D:2)
2 creatures vanquished.

Grand Total: 116 creatures vanquished

Notes
Turn   | Place    | Note
-------+----------+-------------------------------------------
     0 | D:1      | ASSMAN the Barachi Fighter began the quest for the Orb.
     0 | D:1      | Reached XP level 1. HP: 18/18 MP: 1/1
   184 | D:1      | Reached skill level 4 in Fighting
   184 | D:1      | Reached XP level 2. HP: 7/25 MP: 2/2
   706 | D:1      | Reached XP level 3. HP: 31/31 MP: 3/3
  1030 | D:2      | Noticed Jessica
  1039 | D:2      | Killed Jessica
  1040 | D:2      | Reached XP level 4. HP: 38/38 MP: 4/4
  1193 | D:2      | Found a faded altar of an unknown god.
  1294 | D:2      | Reached skill level 5 in Fighting
  1851 | D:3      | Reached XP level 5. HP: 39/44 MP: 5/5
  1904 | D:3      | Found a sacrificial altar of Ru.
  1989 | D:3      | Noticed Natasha
  1996 | D:3      | Killed Natasha
  2072 | D:3      | Reached skill level 5 in Long Blades
  2211 | D:3      | Noticed Natasha
  2220 | D:3      | Killed Natasha
  2496 | D:3      | Reached skill level 6 in Fighting
  2516 | D:3      | Noticed Natasha
  2526 | D:3      | Killed Natasha
  2527 | D:3      | Reached XP level 6. HP: 32/52 MP: 6/6
  3759 | D:4      | Reached XP level 7. HP: 44/59 MP: 7/7
  3848 | D:4      | Reached skill level 7 in Fighting
  4408 | D:5      | Entered Level 5 of the Dungeon
  4466 | D:5      | Found a one-way gate to the infinite horrors of the Abyss.
  4466 | D:5      | Found a transporter.
  4466 | D:5      | Noticed drugrobin's ghost (weakling DgDe)
  4472 | D:5      | Noticed a small abomination
  4535 | D:5      | Found a transporter.
  4996 | D:5      | Reached skill level 8 in Fighting
  5160 | D:5      | Reached XP level 8. HP: 62/68 MP: 8/8
  5452 | D:5      | Noticed a troll
  5464 | D:5      | HP: 2/68 [troll (12)]
  5465 | D:5      | Mangled by a troll

Illustrated notes

Levels and vault maps discovered:
D:1:      dpeg_arrival_shrine, layout_loops_ring
D:2:      layout_basic, hellmonk_ecumenical_altar_zigzags, serial_corexii_hall,
          corexii_hall_statues_x, corexii_hall_statues_x,
          corexii_hall_statues_u, chequers_hall_statues_wall_a,
          lemuel_flame_loot_1, uniq_jessica
D:3:      layout_basic, nicolae_ru_the_path_less_chosen, minmay_snake_closets,
          uniq_natasha
D:4:      layout_loops_ring
D:5:      layout_gridville, gammafunk_ghost_abyssal_escape,
          kennysheep_pointless_box, minivault_5, nicolae_wormholes

Skill      XL: |  1  2  3  4  5  6  7 |
---------------+----------------------+-----
Fighting       | 4 5 6 8 |  8.3
Long Blades    | 3 4 5 6 7 |  7.8
Armour         | |  3.6
Shields        | |  3.2

Action                   |  1- 3 |  4- 6 |  7- 9 || total
-------------------------+-------+-------+-------++-------
Melee: Long sword        |   106 |     7 |    45 ||   158
       Short sword       |       |   190 |    67 ||   257
 Abil: Hop               |     1 |       |       ||     1
  Use: Potion            |       |     1 |     5 ||     6
 Stab: Distracted        |       |       |     1 ||     1
Armor: Scale mail        |    53 |    79 |    70 ||   202
Dodge: Dodged            |    52 |    82 |    66 ||   200
Block: Buckler           |    13 |       |       ||    13

Table legend: (Time is in decaauts)
 A = Elapsed time spent in this place.
 B = Non-inter-level travel time spent in this place.
 C = Inter-level travel time spent in this place.
 D = Time resting spent in this place.
 E = Time spent auto-exploring this place.
 F = Levels seen in this place.
 G = Mean time per level.
                   A        B        C        D        E       F      G
               +--------+--------+--------+--------+--------+-----+--------+
         Total |   6083 |   5984 |     99 |    162 |   4922 |   5 | 1216.6 |
       Dungeon |   6083 |   5984 |     99 |    162 |   4922 |   5 | 1216.6 |
               +--------+--------+--------+--------+--------+-----+--------+

Top non-repeatable levels by time:
     D:3: 1609 daAuts
     D:4: 1224 daAuts
     D:2: 1218 daAuts
     D:5: 1159 daAuts
     D:1: 871 daAuts
